 Dungeon Crawl Stone Soup version 0.31-a0-836-g3ceb0a68c4 (webtiles) character file.

Game seed: 210054034371611892

59 TheScarfBastard the Trooper (level 3, -1/33 HPs)
             Began as a Draconian Berserker on Sept 26, 2023.
             Was a Believer of Trog.
             Slain by a gnoll
             ... wielding a +0 spear
              (5 damage)
             ... on level 3 of the Dungeon.
             The game lasted 00:04:45 (1715 turns).

TheScarfBastard the Trooper (Draconian Berserker)   Turns: 1715, Time: 00:04:46

Health: -1/33      AC:  5    Str: 21    XL:     3   Next: 78%
Magic:  3/3        EV: 12    Int:  7    God:    Trog [**....]
Gold:   135        SH:  0    Dex: 10    Spells: 2/2 levels left

rFire   . . .        a - +0 hand axe (venom)
rCold   . . .        (no shield)
rNeg    . . .        (body armour unavailable)
rPois   .            (helmet restricted)
rElec   .            (no cloak)
rCorr   .            (no gloves)
SInv    .            (no boots)
Will    .....        (no amulet)
Stlth   +            (no ring)
HPRegen 0.25/turn    (no ring)
MPRegen 0.08/turn

%: no passive effects
@: no status effects
A: AC +5, unfitting armour, cold-blooded
a: Renounce Religion, Berserk, Trog's Hand


You were on level 3 of the Dungeon.
You worshipped Trog.
Trog was pleased with you.
You visited 1 branch of the dungeon, and saw 3 of its levels.

You collected 135 gold pieces.

Inventory:

Hand Weapons
 a - a +0 hand axe of venom (weapon)
Scrolls
 g - a scroll of blinking
 h - a scroll of enchant weapon {unknown}
Potions
 b - 4 potions of curing
 c - a potion of brilliance {unknown}
 d - a potion of lignification {unknown}
 e - a potion of ambrosia {unknown}
 f - a potion of berserk rage


   Skills:
 + Level 3.8 Fighting
 + Level 3.8 Axes
 + Level 3.2 Dodging
 + Level 0.2 Stealth


You had 2 spell levels left.
You didn't know any spells.
Your spell library was empty.

Dungeon Overview and Level Annotations

Branches:
Dungeon (3/15)

Altars:


Innate Abilities, Weirdness & Mutations

Your plain brown scales are hard. (AC +5)
You cannot fit into any form of body armour.
You are cold-blooded and may be slowed by cold attacks.


Message History

a +0 club; a goblin corpse You open the door.
There is an open door here.
There is an open door here.
Done exploring.
Okay, then.
You open the door.
There is an open door here.
There is an open door here.
There is an open door here.
There is an escape hatch in the floor here.
You slide downwards.
The hatch slams shut behind you.
Found a stone staircase leading up.
The dart slug barely misses you.
You hit the dart slug.
The dart slug is poisoned.
The dart slug is heavily wounded.
You kill the dart slug!
Trog accepts your kill.
Found 19 gold pieces.
A gnoll comes into view. It is wielding a +0 spear.
The gnoll shouts!
You hear a shout! 2 gnolls come into view.
The gnoll shouts!
A gnoll comes into view. It is wielding a +0 club.
The gnoll shouts! x2
The gnoll hits you with a +0 spear.
You hit the gnoll.
The gnoll is poisoned.
The gnoll is moderately wounded.
The gnoll hits you with a +0 spear.
You hit the gnoll but do no damage. You tail-slap the gnoll.
The gnoll is moderately wounded.
You hit the gnoll.
The gnoll looks as sick as possible!
The gnoll hits you with a +0 spear.
The gnoll hits you from afar with a +0 halberd!
The gnoll hits you with a +0 halberd!
* * * LOW HITPOINT WARNING * * *
The gnoll hits you with a +0 club.
* * * LOW HITPOINT WARNING * * *
The gnoll hits you from afar with a +0 spear.
You die...

#..... .#..#..
..... .#..#.. .#
....#......# ...
...........
#...#..........
+..............
#...##.g....# #
.......@g...#.#
......g........
#######..g......
................
...............#
................
................
.^.............#
........#.....$.


You could see 4 gnolls.

Vanquished Creatures
  An adder (D:2)
  4 dart slugs
  2 ball pythons (D:2)
  5 bats
  6 endoplasms
  5 giant cockroaches
  5 goblins
  2 hobgoblins (D:1)
  A quokka (D:2)
  5 frilled lizards (D:1)
  2 kobolds
  2 rats
40 creatures vanquished.

Notes
Turn   | Place    | Note
-------+----------+-------------------------------------------
     0 | D:1      | TheScarfBastard the Draconian Berserker began the quest for
                  | the Orb.
     0 | D:1      | Reached XP level 1. HP: 19/19 MP: 1/1
   203 | D:1      | Reached XP level 2. HP: 26/26 MP: 2/2
   445 | D:1      | Found a faded altar of an unknown god.
   892 | D:2      | Reached XP level 3. HP: 33/33 MP: 3/3
  1089 | D:2      | Reached ** piety under Trog
  1715 | D:3      | Slain by a gnoll

Illustrated notes

Levels and vault maps discovered:
D:1:      heliophobic_arrival_battle_scene, layout_loops_ring,
          basic_ecumenical_altar
D:2:      layout_loops_corners
D:3:      layout_basic, nicolae_overflow_ecumenical_swirl, serial_shops,
          nicolae_shop_mannequins

Skill      XL: |  1  2 |
---------------+-------+-----
Dodging        | 3 |  3.2
Fighting       | |  3.8
Axes           | |  3.8
Stealth        | |  0.2

Action                     || total
---------------------------++-------
  Melee: Hand axe          ||    78
         Tailslap          ||    13
    Use: Scroll            ||     6
   Stab: Sleeping          ||     1
 Armour: Skin              ||    45
  Dodge: Dodged            ||    46

Table legend: (Time is in decaauts)
 A = Elapsed time spent in this place.
 B = Non-inter-level travel time spent in this place.
 C = Inter-level travel time spent in this place.
 D = Time resting spent in this place.
 E = Time spent auto-exploring this place.
 F = Levels seen in this place.
 G = Mean time per level.
                   A        B        C        D        E       F      G
               +--------+--------+--------+--------+--------+-----+--------+
         Total |   1731 |   1642 |     89 |      0 |   1199 |   3 |  577.0 |
       Dungeon |   1731 |   1642 |     89 |      0 |   1199 |   3 |  577.0 |
               +--------+--------+--------+--------+--------+-----+--------+

Top non-repeatable levels by time:
     D:1: 861 daAuts
     D:2: 853 daAuts
     D:3: 16 daAuts
